 Dungeon Crawl Stone Soup version 0.19.1 (webtiles) character file.

26 zeroDi the Sneak (level 3, 0/20 HPs)
             Began as a Vine Stalker Assassin on Dec 10, 2016.
             Slain by a worm (5 damage)
             ... on level 2 of the Dungeon.
             The game lasted 00:02:38 (1120 turns).

zeroDi the Sneak (Vine Stalker Assassin)            Turns: 1120, Time: 00:02:39

Health: 0/20       AC:  4    Str: 13    XL:     3   Next: 8%
Magic:  0/4        EV: 11    Int: 11    God:
Gold:   41         SH:  0    Dex: 16    Spells: 0 memorised, 2 levels left

rFire  . . .     SeeInvis .     a - +2 dagger
rCold  . . .     Gourm    .     c - +0 robe
rNeg   . . .     Faith    .     (no shield)
rPois  .         Spirit   +     (no helmet)
rElec  .         Reflect  .     d - +0 cloak
rCorr  .         Harm     .     (no gloves)
MR     .....                    n - +0 pair of boots
Stlth  +++.......               (no amulet)
                                (no ring)
                                (no ring)

@: no status effects
A: fangs 2, magic shield, antimagic bite, no device heal 3, rot immunity
a: no special abilities


You were on level 2 of the Dungeon.
You were not hungry.

You visited 1 branch of the dungeon, and saw 2 of its levels.

You collected 41 gold pieces.


Innate Abilities, Weirdness & Mutations

You have extremely sharp teeth.
When hurt, damage is shared between your health and your magic reserves.
Your bite disrupts and absorbs the magic of your enemies.
Potions and wands cannot restore your health.
You are immune to rotting.


   Skills:
 + Level 3.1 Fighting
 - Level 1.7 Short Blades
 - Level 1.7 Throwing
 - Level 0.7 Dodging
 - Level 4.8 Stealth


You had 2 spell levels left.
You didn't know any spells.

Inventory:

Hand Weapons
 a - a +2 dagger (weapon)
 b - a +0 blowgun
Missiles
 e - 2 poisoned needles
 f - 2 curare-tipped needles {=f}
 k - 45 stones (quivered)
Armour
 c - a +0 robe (worn)
 d - a +0 cloak (worn)
 n - a +0 pair of boots (worn)
Scrolls
 h - a scroll of immolation {unknown}
 j - a scroll of remove curse {unknown}
 l - a scroll of random uselessness {unknown}
Potions
 m - 4 potions of flight {unknown}
 o - a potion of heal wounds {unknown}
 p - a potion of mutation {unknown}
Comestibles
 g - 2 bread rations
 i - 3 chunks of flesh

Dungeon Overview and Level Annotations

Branches:
Dungeon (2/15)

Altars:

############ #...w....... ..#..
... . #(########## #.#.# #.. .
##'########### #.#.# #.# #
#..w..#......# #.#.# #.# #
#.....#......# #.#.# #.####
#.....#......# #.#.# #.#..#
###...(.#......#####.#.#####.#..#
........(.(..(.w@................
###.....#......#####.#.###.#.#.##
#.....#......# #.#.# #.#.#...
#.....#......# #.#.# #<#.####
#.....######## #.#.# #.#.# #
#.....# #.#.# #.#.# # #.....#
#.#.# #.#.# . ##+#### #.#..
..#.#.## ..### #.#.#.#


You could see a worm.


Message History

The poisoned needle barely misses the worm.
The worm looks more healthy.
Firing (i - inventory. (,) - cycle):
e - 4 poisoned needles (quivered)
Press: ? - help, Shift-Dir - straight line, f/p - worm
Aim: a worm You shoot a poisoned needle.
The poisoned needle hits the worm.
The worm is poisoned.
Firing (i - inventory. (,) - cycle):
e - 3 poisoned needles (quivered)
Press: ? - help, Shift-Dir - straight line, f/p - worm
Aim: a worm (poisoned)
You shoot a poisoned needle. The poisoned needle hits the worm.
The worm looks even sicker.
a - a +2 dagger (weapon)
You are too injured to fight recklessly!
You hit the worm.
The worm is lightly wounded.
You hit the worm.
The worm is moderately wounded.
The worm bites you!
You die...

Action                   || total
-------------------------++-------
Melee: Dagger            ||    63
       Bite              ||    14
 Fire: Blowgun           ||     8
 Stab: Sleeping          ||     2
  Eat: Chunk             ||     1
Armor: Robe              ||    15
Dodge: Dodged            ||    34

Vault maps used:
D:1:      ncdulo_smallfort, serial_curves, eino_curves_04, eino_curves_02

Notes
Turn   | Place    | Note
-------+----------+-------------------------------------------
     0 | D:1      | zeroDi the Vine Stalker Assassin began the quest for the Orb.
     0 | D:1      | Reached XP level 1. HP: 11/11 MP: 2/2
    55 | D:1      | Reached skill level 2 in Fighting
   268 | D:1      | Reached XP level 2. HP: 10/16 MP: 1/3
   975 | D:2      | Reached skill level 3 in Fighting
   975 | D:2      | Reached XP level 3. HP: 20/20 MP: 4/4
  1075 | D:2      | HP: 2/20 [worm (6)]
  1120 | D:2      | Slain by a worm

Vanquished Creatures
  2 dart slugs
  A leopard gecko (D:1)
  A giant cockroach (D:2)
  5 goblins (D:1)
  2 hobgoblins (D:1)
  3 kobolds
  2 bats
  5 rats (D:1)
21 creatures vanquished.
